 Dungeon Crawl Stone Soup version 0.18-b1-22-ge198996 (webtiles) character file.

1451 Chiseanne the Skirmisher (level 8, 54/62 HPs)
             Began as a Demonspawn Wizard on May 4, 2016.
             Was a Follower of Makhleb.
             Quit the game on level 7 of the Dungeon.
             The game lasted 00:17:55 (6536 turns).

Chiseanne the Skirmisher (Demonspawn Wizard)        Turns: 6536, Time: 00:17:55

Health: 54/62      AC: 11    Str:  8    XL:     8   Next: 47%
Magic:  20/23      EV: 11    Int: 21    God:    Makhleb [*.....]
Gold:   290        SH:  0    Dex: 12    Spells: 4 memorised, 7 levels left

rFire  . . .     SeeInvis .     a - +9 battleaxe "Duun" {flame, rN++}
rCold  . . .     Gourm    .     u - +0 ring mail
rNeg   + + .     Faith    .     (shield currently unavailable)
rPois  +         Spirit   +     b - +0 hat
rElec  .         Dismiss  .     (no cloak)
rCorr  .         Reflect  .     f - +1 pair of gloves
SustAt .         Harm     .     (no boots)
MR     .....                    H - amulet of guardian spirit
Stlth  +.........               l - ring of poison resistance
                                D - ring of magical power

@: repel missiles, not resistant to hostile enchantments, very unstealthy
A: antennae 1, iridescent scales 1, demonic guardian 1, rot immunity
a: Renounce Religion


You were on level 7 of the Dungeon.
You worshipped Makhleb.
Makhleb was aware of your devotion.
You were not hungry.

You visited 2 branches of the dungeon, and saw 8 of its levels.

You collected 312 gold pieces.
You spent 22 gold pieces at shops.

Inventory:

Hand Weapons
 a - the +9 battleaxe "Duun" (weapon) {flame, rN++}
   (You found it on level 4 of the Dungeon)

   It has been specially enchanted to burn those struck by it, causing extra
   injury to most foes and up to half again as much damage against particularly
   susceptible opponents.
   Big, fiery blades are also staple armaments of hydra-hunters.
   It greatly protects you from negative energy.
 s - a +2 dagger of protection
 w - a +0 hunting sling
Missiles
 i - 157 stones (quivered)
 o - 62 arrows
 p - 8 needles of sleeping
 y - 8 javelins
Armour
 b - a +0 hat (worn)
 f - a +1 pair of gloves (worn)
 u - a +0 ring mail (worn)
Jewellery
 h - an uncursed amulet of magic regeneration
 l - a ring of poison resistance (right hand)
 m - an uncursed ring of magical power
 D - a ring of magical power (left hand)
 H - an amulet of guardian spirit (around neck)
 J - an uncursed ring of protection from magic
Wands
 e - a wand of teleportation (7/9)
Scrolls
 g - a scroll of immolation
 j - 2 scrolls of amnesia
 k - a scroll of remove curse
 r - a scroll of identify
 E - a scroll of recharging
Potions
 n - a potion of lignification
 v - 3 potions of flight
 x - a potion of might
 z - a potion of invisibility
 F - a potion of agility
 G - a potion of berserk rage
 I - a potion of heal wounds
Books
 c - a book of Minor Magic

   Spells                             Type                      Level
   a - Magic Dart                     Conjuration                  1
   b - Blink                          Translocation                2
   c - Call Imp                       Summoning                    2
   d - Repel Missiles                 Charms/Air                   2
   e - Slow                           Hexes                        2
   f - Conjure Flame                  Conjuration/Fire             3
   g - Mephitic Cloud                 Conjuration/Poison/Air       3
 B - a book of Fire

   Spells                             Type                      Level
   a - Ignite Poison                  Fire/Transmutation/Poison    3
   b - Fireball                       Conjuration/Fire             5
   c - Bolt of Fire                   Conjuration/Fire             6
   d - Delayed Fireball               Conjuration/Fire             7
   e - Ring of Flames                 Charms/Fire                  7
Miscellaneous
 A - a plain deck of summoning {drawn: 1}
Comestibles
 d - 3 bread rations
 q - a beef jerky
 t - 2 meat rations
 C - 3 fruits
 K - 2 chunks of flesh


   Skills:
 * Level 5.2 Fighting
 * Level 3.8 Axes
 * Level 2.8 Armour
 * Level 5.1 Dodging
 - Level 1.7 Stealth
 - Level 4.0 Spellcasting
 - Level 3.3 Conjurations
   Level 1.0 Summonings
 - Level 0.8 Translocations


You had 7 spell levels left.
You knew the following spells:

 Your Spells              Type           Power        Failure   Level  Hunger
a - Magic Dart            Conj           ###.         12%         1    None
b - Blink                 Tloc           N/A          41%         2    #......
c - Repel Missiles        Chrm/Air       #.....       54%         2    #......
d - Mephitic Cloud        Conj/Pois/Air  #.......     71%         3    ###....


Dungeon Overview and Level Annotations

Branches:
Dungeon (7/15)             Temple (1/1) D:5

Altars:
Cheibriados
Dithmenos
Elyvilon
Fedhas
Gozag
Kikubaaqudgha
Makhleb
Nemelex Xobeh
Okawaru
Pakellas
Qazlal
Ru
Sif Muna
Vehumet
Yredelemnul
Zin

Shops:
D:4 =   D:6 =


Innate Abilities, Weirdness & Mutations

You have a pair of small antennae on your head.
You are partially covered in iridescent scales (AC +4).
A weak demonic guardian rushes to your aid.
You are immune to rotting.


Message History

Your crimson imp blinks!
K - 2 chunks of flesh You see here a crocodile skeleton.
Your crimson imp disappears in a puff of smoke!
Read which item? (? for menu, Esc to quit)
Okay, then.
Put on which piece of jewellery? (? for menu, Esc to quit)
You're wearing all the rings you can.
Remove which one? (? for menu, Esc to cancel) < or
D - a ring of magical power; > or
l - a ring of poison resistance You remove your ring of poison resistance.
J - a ring of protection from magic (right hand) Put on which piece of jewellery? (? for menu, Esc to quit)
You're wearing all the rings you can.
Remove which one? (? for menu, Esc to cancel) < or
D - a ring of magical power > or
J - a ring of protection from magic You remove your ring of protection from magic.
l - a ring of poison resistance (right hand) Are you sure you want to abandon this character and quit the game? (Confirm with "yes".)

#####.# #.#
......#... ..#
#####.##.## ##.##
#.#... ##...## #.#..#
##.....## #.#..#
###.......### #.#..#
#....._.....#
#.#..###.#.......#
#........##.@...##
############.###...##
...........#.# ##.##
##.#########.# .#
.............# ##
##.###########.#
#.............#
##...............
#.#...########.##.#.#


There were no monsters in sight!

Vanquished Creatures
  An ice beast (D:6)
  A sky beast (D:5)
  2 phantoms (D:6)
  A crocodile (D:7)
  A gnoll sergeant (D:6)
  3 scorpions
  3 crimson imps
  A jelly (D:7)
  A centaur skeleton (D:4)
  A giant frog skeleton (D:5)
  2 orc priests
  4 orc wizards
  4 worker ants
  A hound zombie (D:6)
  2 hound skeletons
  4 gnolls (D:6)
  7 adders
  2 shadow imps
  3 dart slugs
  10 giant geckos
  33 orcs
  3 giant cockroaches
  10 goblins
  7 hobgoblins
  A quokka (D:5)
  5 bats
  5 giant newts
  9 kobolds
  A quokka zombie (D:6)
  8 rats
136 creatures vanquished.

Vanquished Creatures (collateral kills)
  The ghost of ThereIsNoGod the Ducker, an amateur TrFi (D:3)
1 creature vanquished.

Grand Total: 137 creatures vanquished

Notes
Turn   | Place    | Note
--------------------------------------------------------------
     0 | D:1      | Chiseanne the Demonspawn Wizard began the quest for the Orb.
     0 | D:1      | Reached XP level 1. HP: 13/13 MP: 4/4
   206 | D:1      | Gained mutation: You are partially covered in iridescent scales (AC +4). [demonic ancestry]
   206 | D:1      | Reached XP level 2. HP: 19/19 MP: 0/6
   933 | D:1      | Learned a level 2 spell: Blink
   936 | D:1      | Learned a level 2 spell: Repel Missiles
  1040 | D:1      | Gained mutation: You are immune to rotting. [demonic ancestry]
  1040 | D:1      | Reached XP level 3. HP: 24/24 MP: 4/8
  1540 | D:2      | Found a white marble altar of Elyvilon.
  2000 | D:2      | Reached XP level 4. HP: 30/30 MP: 4/9
  2369 | D:3      | Noticed ThereIsNoGod's ghost (amateur TrFi)
  2511 | D:3      | Learned a level 3 spell: Mephitic Cloud
  2551 | D:3      | Found a sparkling altar of Nemelex Xobeh.
  2870 | D:3      | Found a shadowy altar of Dithmenos.
  3030 | D:4      | Found Ethe's Jewellery Shoppe.
  3033 | D:4      | Bought a cursed amulet of inaccuracy for 22 gold pieces
  3054 | D:4      | Got a pitted battleaxe
  3058 | D:4      | Identified the +9 battleaxe "Duun" {flame, rN++} (You found it on level 4 of the Dungeon)
  3186 | D:4      | Found an iron altar of Okawaru.
  3241 | D:4      | Reached skill level 1 in Fighting
  3241 | D:4      | Gained mutation: You have a pair of small antennae on your head. [demonic ancestry]
  3241 | D:4      | Reached XP level 5. HP: 11/37 MP: 2/11
  3690 | D:3      | Killed ThereIsNoGod's ghost
  4036 | D:4      | Reached XP level 6. HP: 46/46 MP: 12/12
  4226 | D:5      | Entered Level 5 of the Dungeon
  4230 | D:5      | Reached skill level 1 in Axes
  4281 | D:5      | Found a basalt altar of Yredelemnul.
  4418 | D:5      | Found a staircase to the Ecumenical Temple.
  4447 | Temple   | Entered the Ecumenical Temple
  4546 | Temple   | Became a worshipper of Makhleb the Destroyer
  4598 | D:5      | Noticed a sky beast
  4603 | D:5      | HP: 1/47 [orc/trident of piercing (2)]
  4882 | D:5      | Killed a sky beast
  4882 | D:5      | Reached XP level 7. HP: 34/52 MP: 13/13
  5117 | D:5      | Found an oddly glowing altar of Pakellas.
  5177 | D:5      | Found an opulent altar of Gozag.
  5177 | D:5      | Found a glowing silver altar of Zin.
  5296 | D:6      | Found Tityiseb's Jewellery Emporium.
  5310 | D:6      | Reached * piety under Makhleb
  5310 | D:6      | Reached skill level 1 in Armour
  5601 | D:6      | Found a sacrificial altar of Ru.
  5765 | D:6      | Gained mutation: A weak demonic guardian rushes to your aid. [demonic ancestry]
  5765 | D:6      | Reached XP level 8. HP: 61/61 MP: 14/14
  6309 | D:7      | Reached skill level 5 in Fighting
  6309 | D:7      | Reached skill level 5 in Dodging
  6522 | D:7      | Found a blossoming altar of Fedhas.
  6536 | D:7      | Quit the game

Skill      XL: |  1  2  3  4  5  6  7  8 |
---------------+-------------------------+-----
Conjurations   | 2 3 |  3.3
Spellcasting   | 4 |  4.0
Dodging        | 2 3 4 5 |  5.1
Fighting       | 1 2 3 4 5 |  5.2
Axes           | 2 3 |  3.8
Armour         | 2 |  2.8
Stealth        | |  1.7
Summonings     | |  1.0
Translocations | |  0.8

Action                   |  1- 3 |  4- 6 |  7- 9 || total
-------------------------+-------+-------+-------++-------
Melee: Dagger            |    10 |    14 |       ||    24
       Battleaxe         |       |    70 |    95 ||   165
 Cast: Magic Dart        |    92 |    82 |       ||   174
       Repel Missiles    |     1 |     1 |       ||     2
       Mephitic Cloud    |       |     1 |       ||     1
Evoke: Deck              |       |     1 |       ||     1
  Use: Scroll            |       |    11 |     3 ||    14
       Potion            |       |    10 |     1 ||    11
 Stab: Sleeping          |       |       |     1 ||     1
  Eat: Chunk             |     3 |     8 |     5 ||    16
       Fruit             |       |     2 |     1 ||     3
Armor: Robe              |     8 |    21 |       ||    29
       Leather armour    |       |    24 |     4 ||    28
       Ring mail         |       |       |    33 ||    33
Dodge: Dodged            |    15 |    88 |    54 ||   157
       Deflected         |     1 |       |       ||     1
